 Dungeon Crawl Stone Soup version 0.29-a0-380-gf50f0a9fbc (webtiles) character file.

Game seed: 17008466151025017430

1641 Pelinal the Spear-Bearer (level 8, 52/52 HPs)
             Began as a Merfolk Ice Elementalist on May 6, 2022.
             Was an Initiate of Ashenzari.
             Quit the game on level 6 of the Dungeon.
             The game lasted 00:14:07 (7144 turns).

Pelinal the Spear-Bearer (Merfolk Ice Elementalist) Turns: 7144, Time: 00:14:08

Health: 52/52      AC:  3    Str: 10      XL:     8   Next: 99%
Magic:  12/12      EV: 14    Int: 13 (14) God:    Ashenzari [......]
Gold:   409        SH:  0    Dex: 21      Spells: 8/15 levels left

rFire   . . .      SeeInvis .   s - +0 spear
rCold   + . .      Faith    .   (no shield)
rNeg    . . .      Spirit   .   a - +0 robe
rPois   .          Reflect  .   (no helmet)
rElec   .          Harm     .   A - scarf "Gnostic Mistrust" {repulsion, Evo, Melee} (curse)
rCorr   .          Rampage  .   d - +0 pair of gloves
Will    .....                   (no boots)
Stlth   +++.......              j - amulet of the acrobat
HPRegen 0.97/turn               v - +6 ring of dexterity
MPRegen 0.13/turn               z - ring of protection from cold

@: repel missiles
A: (nimble swimmer 2), mertail, deterioration 1, low MP 1, regeneration 1
a: Renounce Religion, Shatter the Chains


You were on level 6 of the Dungeon.
You worshipped Ashenzari.
Ashenzari was noncommittal.
You visited 2 branches of the dungeon, and saw 7 of its levels.

You collected 409 gold pieces.

Inventory:

Hand Weapons
 h - a +0 halberd
 i - a +0 dagger of electrocution
 k - a +1 dagger of speed
 s - a +0 spear (weapon)
 H - a +0 glaive
Missiles
 K - 5 javelins
 M - 80 stones
 N - a throwing net
Armour
 a - a +0 robe (worn)
 c - a +0 cloak
 d - a +0 pair of gloves (worn)
 o - a +0 kite shield
 A - the cursed scarf "Gnostic Mistrust" (worn) {repulsion, Evo, Melee}
   (You found it on level 3 of the Dungeon)

   It has a curse which improves the following skills: Evocations: Evocations.
   Melee Combat: Short Blades, Long Blades, Axes, Maces & Flails, Polearms,
   Staves and Unarmed Combat.
 E - an orb of guile
Magical Staves
 O - a staff of cold
Jewellery
 j - an amulet of the acrobat (around neck)
 r - a ring of protection from cold
 v - a +6 ring of dexterity (left hand)
 w - an amulet of reflection
 z - a ring of protection from cold (right hand)
 I - a ring of protection from fire
 L - a ring of see invisible
Wands
 y - a wand of flame (22)
 G - a wand of iceblast (11)
Scrolls
 l - a scroll of amnesia {unknown}
 u - 2 scrolls of teleportation
 C - 2 scrolls of enchant armour {unknown}
 D - 2 scrolls of brand weapon {unknown}
 F - a scroll of enchant weapon {unknown}
Potions
 b - 2 potions of magic
 e - a potion of degeneration
 f - a potion of curing
 m - a potion of mutation
 n - a potion of attraction
 p - a potion of lignification
 q - 2 potions of brilliance
 t - a potion of heal wounds
 x - a potion of might
 B - a potion of berserk rage
 J - a potion of cancellation


   Skills:
 + Level 11.2(11.6) Polearms
 - Level 3.2 Dodging
 - Level 3.0 Stealth
 - Level 4.0 Spellcasting
 - Level 7.1 Ice Magic


You had 8 spell levels left.
You knew the following spells:

 Your Spells              Type           Power      Damage    Failure   Level
a - Freeze                Ice            84%        1d10      1%          1
b - Frozen Ramparts       Ice            42%        1d6       3%          3
c - Ozocubu's Armour      Ice            21%        N/A       3%          3

Your spell library contained the following spells:

 Spells                   Type           Power      Damage    Failure   Level
 Ensorcelled Hibernation  Hex/Ice        22%        N/A       8%          2
 Passwall                 Tmut/Erth      1%         N/A       30%         2
 Hailstorm                Conj/Ice       11%        3d5       43%         4
 Call Canine Familiar     Summ           2%         N/A       52%         3
 Portal Projectile        Hex/Tloc       4%         N/A       52%         3
 Swiftness                Air            2%         N/A       52%         3
 Leda's Liquefaction      Hex/Erth       1%         N/A       90%         4
 Olgreb's Toxic Radiance  Pois           2%         N/A       90%         4
 Ozocubu's Refrigeration  Ice            10%        4d7       100%        7
 Ignition                 Fire           1%         3d3       100%        8


Dungeon Overview and Level Annotations

Branches:
Dungeon (6/15)             Temple (1/1) D:5

Altars:
Ashenzari
Dithmenos
Elyvilon
Fedhas
Gozag
Hepliaklqana
Kikubaaqudgha
Makhleb
Nemelex Xobeh
Okawaru
Qazlal
Ru
Sif Muna
Trog
Uskayaw
Vehumet
Xom
Yredelemnul
Zin
The Shining One

Shops:
D:2 (

Annotations:
D:4 exclusion: black bear
D:5 Sigmund


Innate Abilities, Weirdness & Mutations

((You are very nimble when in or above water. (Stealth+, EV+, Speed+++)))
Your lower body shifts to a powerful aquatic tail in water.
Your body sometimes deteriorates upon taking damage.
Your magical capacity is low. (-10% MP)
Your natural rate of healing is unusually fast.


Message History

The wall freezes something.
Something hits you but does no damage.
The wall freezes the steam dragon.
The steam dragon breathes steam at you.
The ball of steam hits something!
Reactivating autopickup.
You feel a bit more experienced. The ball of steam misses you.
The steam dragon is attracted toward you.
You are engulfed in a cloud of scalding steam.
The wall freezes the steam dragon.
You kill the steam dragon!
The steam dragon scales are intact enough to wear.
The heat melts your icy armour.
You feel your intelligence returning.
Your Polearms skill increases to level 11!
You start resting.
The frozen ramparts melt away.
Unknown command.
Your icy armour cracks and falls away as you move.
You start resting.
You feel less attractive to monsters.
You start resting.
HP restored.
You start resting.
Magic restored.
Okay, then.
As you read the scroll labelled SYWYITAMPI, it crumbles to dust.
It is a scroll of identify.
q - 2 potions of brilliance
As you read the scroll of identify, it crumbles to dust.
p - a potion of lignification
As you read the scroll of identify, it crumbles to dust.
x - a potion of might
As you read the scroll of identify, it crumbles to dust.
J - a potion of cancellation
As you read the scroll of identify, it crumbles to dust.
B - a potion of berserk rage
As you read the scroll of identify, it crumbles to dust.
e - a potion of degeneration
Okay, then.
Are you sure you want to abandon this character and quit the game? (Confirm with "yes".)

#########.######'#####.#######..#
#)##.........#....####..#
####.8..8..8.#...........
#.........#.##.#####.#
##+##'##+##........... ##..#).#
#.##.....#..
#..)##.###.######.#..
#...##.#..#..........#
#..##@.#.#########.#.# #+##+##'##
#.#.# #....†[## #.#.# #......#
#.#.# #......# #.# #...###. #.#
#... § #+# #.. .. ## ..


There were no monsters in sight!

Vanquished Creatures
  A steam dragon (D:6)
  An ice beast (D:6)
  An orc warrior (D:6)
  3 sky beasts (D:6)
  A black bear (D:6)
  2 ogres
  A necrophage (D:5)
  A killer bee (D:6)
  3 vampire bats (D:5)
  2 hounds (D:5)
  2 jellies
  2 iguanas
  5 orc wizards
  11 gnolls
  3 adders
  A worm (D:4)
  2 dart slugs
  12 orcs
  A bat skeleton (D:5)
  4 bat zombies (D:5)
  5 endoplasms
  2 giant cockroaches
  8 goblins
  7 hobgoblins
  6 jackals
  4 kobolds
  10 ball pythons
  4 bats
  5 frilled lizards
110 creatures vanquished.

Vanquished Creatures (others)
  An ice beast (D:6)
  An orc wizard (D:6)
  An adder (D:6)
  3 plants
6 creatures vanquished.

Grand Total: 116 creatures vanquished

Notes
Turn   | Place    | Note
-------+----------+-------------------------------------------
     0 | D:1      | Pelinal the Merfolk Ice Elementalist began the quest for
                  | the Orb.
     0 | D:1      | Reached XP level 1. HP: 13/13 MP: 3/3
   419 | D:1      | Reached XP level 2. HP: 15/19 MP: 3/5
   655 | D:1      | Reached XP level 3. HP: 23/24 MP: 1/6
   945 | D:1      | Found a faded altar of an unknown god.
  1509 | D:2      | Found Lityqisa's Weapon Boutique.
  1974 | D:2      | Reached skill level 5 in Ice Magic
  2408 | D:3      | Reached XP level 4. HP: 30/30 MP: 8/8
  2935 | D:3      | Learned a level 3 spell: Frozen Ramparts
  2939 | D:3      | Learned a level 3 spell: Ozocubu's Armour
  3111 | D:4      | Reached XP level 5. HP: 15/35 MP: 3/9
  3482 | D:4      | Noticed a black bear
  3884 | D:4      | Reached skill level 2 in Polearms
  4092 | D:4      | Reached XP level 6. HP: 41/41 MP: 5/11
  4633 | D:4      | Found a stormy altar of Qazlal.
  5120 | D:5      | Entered Level 5 of the Dungeon
  5369 | D:5      | Noticed Sigmund
  5568 | D:5      | Reached XP level 7. HP: 46/46 MP: 8/13
  5613 | D:5      | Found a staircase to the Ecumenical Temple.
  5633 | D:5      | Reached skill level 3 in Polearms
  5646 | Temple   | Entered the Ecumenical Temple
  5847 | Temple   | Became a worshipper of Ashenzari the Shackled
  6071 | D:5      | Found an ancient bone altar of Kikubaaqudgha.
  6088 | D:5      | Reached skill level 4 in Polearms
  6091 | D:5      | Reached skill level 5 in Polearms
  6431 | D:6      | Reached skill level 6 in Polearms
  6527 | D:6      | Reached skill level 7 in Polearms
  6527 | D:6      | Reached XP level 8. HP: 43/52 MP: 5/14
  6688 | D:6      | Reached skill level 8 in Polearms
  6774 | D:6      | Reached skill level 9 in Polearms
  6811 | D:6      | Reached skill level 10 in Polearms
  7063 | D:6      | Gained mutation: Your magical capacity is low. (-10% MP)
                  | [potion of mutation]
  7063 | D:6      | Gained mutation: Your body sometimes deteriorates upon
                  | taking damage. [potion of mutation]
  7063 | D:6      | Gained mutation: Your natural rate of healing is unusually
                  | fast. [potion of mutation]
  7084 | D:6      | Reached skill level 11 in Polearms
  7144 | D:6      | Quit the game

Illustrated notes

Levels and vault maps discovered:
D:1:      amcnicky_arrival_flooded_fountain, layout_basic,
          shapermc_ecumenical_altar_flowoftime, serial_rivers,
          chequers_serial_rivers_micro_e, chequers_serial_rivers_micro_a,
          chequers_serial_rivers_micro_d, chequers_serial_rivers_micro_b
D:2:      layout_basic, serial_shops, nicolae_shop_bloodbath_and_beyond
D:3:      layout_rooms, minmay_shallow_snake_nest
D:4:      layout_loops_corners, amcnicky_altar_gilded, hex_tiny
D:5:      layout_loops_corners, kennysheep_vampire_church,
          minmay_temple_entry_antechambers, uniq_sigmund
D:6:      minmay_chambers_of_threes, layout_basic,
          nicolae_wu_jian_immortal_techniques
Temple:   dpeg_five_rooms_temple

Skill      XL: |  1  2  3  4  5  6  7  8 |
---------------+-------------------------+-----
Dodging        | 3 |  3.2
Stealth        | 3 |  3.0
Ice Magic      | 5 6 7 |  7.1
Spellcasting   | 3 4 |  4.0
Polearms       | 2 7 11 | 11.2

Action                   |  1- 3 |  4- 6 |  7- 9 || total
-------------------------+-------+-------+-------++-------
Melee: Short sword       |    19 |       |       ||    19
       Dagger            |    50 |    35 |       ||    85
       Tailslap          |     1 |       |       ||     1
       Spear             |       |    36 |    79 ||   115
       Punch             |       |       |     1 ||     1
 Cast: Freeze            |    36 |    19 |     2 ||    57
       Frozen Ramparts   |       |    12 |    12 ||    24
       Ozocubu's Armour  |       |     9 |     8 ||    17
Invok: Curse Item        |       |       |     1 ||     1
  Use: Scroll            |     1 |       |     6 ||     7
       Potion            |       |       |     3 ||     3
 Stab: Sleeping          |     4 |     8 |     2 ||    14
       Distracted        |       |       |     1 ||     1
Armor: Robe              |    39 |    19 |    32 ||    90
Dodge: Dodged            |    67 |    63 |   107 ||   237
       Repelled          |       |     1 |     1 ||     2

Table legend: (Time is in decaauts)
 A = Elapsed time spent in this place.
 B = Non-inter-level travel time spent in this place.
 C = Inter-level travel time spent in this place.
 D = Time resting spent in this place.
 E = Time spent auto-exploring this place.
 F = Levels seen in this place.
 G = Mean time per level.
                   A        B        C        D        E       F      G
               +--------+--------+--------+--------+--------+-----+--------+
         Total |   7120 |   6965 |    155 |   1189 |   4612 |   7 | 1017.1 |
       Dungeon |   6885 |   6763 |    122 |   1189 |   4431 |   6 | 1147.5 |
        Temple |    234 |    201 |     33 |      0 |    181 |   1 |  234.0 |
               +--------+--------+--------+--------+--------+-----+--------+

Top non-repeatable levels by time:
     D:4: 1914 daAuts
     D:1: 1332 daAuts
     D:2: 1065 daAuts
     D:5: 1054 daAuts
     D:3: 801 daAuts
     D:6: 716 daAuts
  Temple: 234 daAuts
